 Dungeon Crawl Stone Soup version 0.29.1-2-gbd0b4ee654 (webtiles) character file.

Game seed: 149677883363879409

1310 GorkyZ the Shield-Bearer (level 8, -3/49 HPs)
             Began as a Gargoyle Fighter on Nov 25, 2022.
             Slain by a yak (10 damage)
             ... on level 6 of the Dungeon.
             The game lasted 00:15:01 (6040 turns).

GorkyZ the Shield-Bearer (Gargoyle Fighter)         Turns: 6040, Time: 00:15:01

Health: -3/49      AC: 19    Str: 23    XL:     8   Next: 58%
Magic:  8/8        EV:  8    Int:  8    God:
Gold:   373        SH:  4    Dex:  9    Spells: 7/7 levels left

rFire   . . .      SeeInvis .   a - +0 war axe
rCold   . . .      Faith    .   c - +0 buckler
rNeg    + . .      Spirit   .   v - +0 storm dragon scales
rPois   ∞          Reflect  .   r - +0 helmet
rElec   +          Harm     .   (no cloak)
rCorr   .          Rampage  .   (no gloves)
Will    .....                   (no boots)
Stlth   ..........              (no amulet)
HPRegen 0.16/turn               (no ring)
MPRegen 0.11/turn               (no ring)

@: no status effects
A: sickness immunity, AC +5, negative energy resistance 1, electricity
resistance, torment resistance 1, petrification resistance
a: no special abilities


You were on level 6 of the Dungeon.
You visited 1 branch of the dungeon, and saw 6 of its levels.

You collected 373 gold pieces.

Inventory:

Hand Weapons
 a - a +0 war axe (weapon)
 w - a +2 flail of pain
Missiles
 h - 3 boomerangs (quivered)
 i - a throwing net
 k - 10 poisoned darts
Armour
 b - a +0 scale mail
 c - a +0 buckler (worn)
 r - a +0 helmet (worn)
 v - +0 storm dragon scales (worn)
Jewellery
 t - a ring of protection from cold
Wands
 g - a wand of roots (5)
Scrolls
 j - a scroll of poison
 n - 2 scrolls of noise
 o - a scroll of amnesia
 p - 2 scrolls of enchant armour
 x - a scroll of vulnerability
Potions
 d - a potion of might
 e - a potion of curing {unknown}
 f - a potion of haste
 l - 2 potions of brilliance
 m - 2 potions of mutation
 q - 2 potions of flight
 s - a potion of heal wounds
 u - 2 potions of degeneration


   Skills:
 + Level 5.2 Fighting
 + Level 3.8 Axes
 + Level 3.2 Throwing
 + Level 5.2 Armour
 + Level 3.0 Dodging
 + Level 5.3 Shields
 + Level 3.2 Evocations


You had 7 spell levels left.
You didn't know any spells.
Your spell library contained the following spells:

 Spells                   Type           Power      Damage    Failure   Level
 Slow                     Hex            0%         N/A       99%         1
 Ensorcelled Hibernation  Hex/Ice        0%         N/A       99%         2
 Passwall                 Tmut/Erth      0%         N/A       99%         2
 Call Canine Familiar     Summ           0%         N/A       100%        3
 Confusing Touch          Hex            0%         N/A       100%        3
 Portal Projectile        Hex/Tloc       0%         N/A       100%        3
 Swiftness                Air            0%         N/A       100%        3
 Tukima's Dance           Hex            0%         N/A       100%        3
 Vampiric Draining        Necr           0%         2d6       100%        3
 Leda's Liquefaction      Hex/Erth       0%         N/A       100%        4
 Passage of Golubria      Tloc           0%         N/A       100%        4
 Yara's Violent Unravell  Hex/Tmut       0%         3d3       100%        5


Dungeon Overview and Level Annotations

Branches:
Dungeon (6/15)
 Temple: D:4-7

Altars:
Hepliaklqana
Makhleb
Ru
Wu Jian

Shops:
D:2 =

Annotations:
D:6 2 transporters


Innate Abilities, Weirdness & Mutations

You are immune to sickness and miasma.
Your stone body is resilient. (AC +5)
You are immune to poison.
You resist negative energy. (rN+)
You are resistant to electric shocks. (rElec)
You are resistant to unholy torment.
You are immune to petrification.


Message History

You slash the yak!
The yak is almost dead.
The yak gores you. The yak gores you!
You are too injured to fight recklessly!
You are too injured to fight recklessly!
You are too injured to fight recklessly!
You are too injured to fight recklessly!
You are too injured to fight recklessly!
You are too injured to fight recklessly!
You slash the yak!
You kill the yak!
A yak comes into view.
Your Dodging skill increases to level 3!
You slash the yak!
The yak is moderately wounded.
The yak gores you but does no damage.
You barely miss the yak.
The yak is moderately wounded.
The yak gores you but does no damage. x2
You barely miss the yak.
The yak is moderately wounded.
The yak gores you but does no damage.
You hit the yak.
The yak is moderately wounded.
The yak gores you but does no damage.
You hit the yak but do no damage.
The yak is moderately wounded.
The yak gores you but does no damage. The yak closely misses you.
You hit the yak.
The yak is heavily wounded.
The yak gores you.
You barely miss the yak.
The yak is heavily wounded.
The yak closely misses you.
You hit the yak.
The yak is heavily wounded.
The yak gores you!
* * * LOW HITPOINT WARNING * * *
The yak gores you!
You die...

#.# #.# #.# #.##
#..# ## ##.# Y# #.#
.# #.# #######Y#
#.## #....@YY# #..##
##.#######
##...######...#####
............[.......
...≈≈≈..###...######
≈≈≈≈#≈.## ##.##
≈#≈≈≈≈..# #...
≈≈≈#≈≈≈.# ###..
#≈≈≈≈#≈.# .##


You could see 3 yaks.

Vanquished Creatures
  2 yaks (D:6)
  Edmund (D:5)
  3 phantoms
  3 wights (D:6)
  5 hounds
  A jelly (D:6)
  A gnoll bouda (D:6)
  An iguana (D:5)
  2 orc wizards
  12 adders
  4 gnolls (D:6)
  A shadow imp (D:5)
  A white imp (D:6)
  A worm (D:2)
  A dart slug (D:2)
  9 orcs
  2 bats
  6 endoplasms
  2 giant cockroaches (D:2)
  7 hobgoblins
  2 jackals (D:1)
  4 quokkas
  3 ball pythons
  A frilled lizard (D:2)
  7 goblins
  2 kobolds
  5 rats
89 creatures vanquished.

Vanquished Creatures (others)
  13 fungi
  A plant (D:2)
14 creatures vanquished.

Grand Total: 103 creatures vanquished

Notes
Turn   | Place    | Note
-------+----------+-------------------------------------------
     0 | D:1      | GorkyZ the Gargoyle Fighter began the quest for the Orb.
     0 | D:1      | Reached XP level 1. HP: 14/14 MP: 1/1
     3 | D:1      | Noticed an electric eel
     9 | D:1      | Noticed an electric eel
    99 | D:1      | Reached XP level 2. HP: 15/19 MP: 2/2
   871 | D:2      | Reached XP level 3. HP: 15/23 MP: 3/3
  1431 | D:2      | Reached skill level 1 in Evocations
  1450 | D:2      | Reached skill level 1 in Throwing
  1525 | D:2      | Reached XP level 4. HP: 26/28 MP: 4/4
  1627 | D:2      | Found Heemilea's Jewellery Boutique.
  1763 | D:2      | Reached skill level 1 in Dodging
  2215 | D:2      | You fall into a shaft and drop 2 floors!
  2233 | D:4      | Found an ornate altar of the Wu Jian Council.
  2278 | D:4      | Reached XP level 5. HP: 15/33 MP: 5/5
  2458 | D:4      | Noticed a phantom
  2482 | D:4      | Killed a phantom
  2789 | D:2      | Found a faded altar of an unknown god.
  3609 | D:4      | Reached XP level 6. HP: 35/38 MP: 6/6
  3726 | D:4      | Found a burning altar of Makhleb.
  4111 | D:5      | Entered Level 5 of the Dungeon
  4111 | D:5      | Noticed Edmund
  4182 | D:5      | Reached XP level 7. HP: 26/44 MP: 7/7
  4215 | D:5      | Killed Edmund
  5224 | D:6      | Noticed a gargoyle
  5224 | D:6      | Found a hazy altar of Hepliaklqana.
  5224 | D:6      | Found a transporter.
  5346 | D:6      | Noticed a vampire mosquito
  5428 | D:6      | Noticed a two-headed ogre
  5559 | D:6      | Found a transporter.
  5635 | D:6      | Reached XP level 8. HP: 27/48 MP: 8/8
  5702 | D:6      | Reached skill level 5 in Shields
  5717 | D:6      | Reached skill level 5 in Fighting
  5927 | D:6      | Found a sacrificial altar of Ru.
  6016 | D:6      | Noticed a yak
  6016 | D:6      | Noticed a yak
  6016 | D:6      | Noticed a yak
  6021 | D:6      | Noticed a yak
  6026 | D:6      | Killed a yak
  6027 | D:6      | Reached skill level 5 in Armour
  6032 | D:6      | Killed a yak
  6032 | D:6      | Noticed a yak
  6040 | D:6      | Slain by a yak

Illustrated notes

Levels and vault maps discovered:
D:1:      arrival_aquarium_b, layout_rooms, chequers_serial_rivers_small_a,
          minmay_misc_feat_cross, minivault_25
D:2:      kb_forest_paths, layout_basic, serial_shops, nicolae_shop_crystal,
          shapermc_ecumenical_altar_mp_ritualfount, serial_aquarium,
          aquarium_bridge_square [aquarium_subvault_balcony,
          aquarium_subvault_window, aquarium_subvault_bridge,
          aquarium_subvault_bridge], aquarium_window_corridor_1,
          aquarium_window_1, aquarium_window_1, aquarium_view_2a,
          aquarium_balcony_3b, aquarium_pool_side,
          chequers_serial_rivers_micro_d
D:3:      layout_rooms, hangedman_decor_slide_cut, dk_noncrumbling_4
D:4:      layout_cave_pods, overflow_temple_1_default,
          nicolae_wu_jian_glorious_leap
D:5:      layout_rooms, serial_aquarium, aquarium_bridge_straight
          [aquarium_subvault_bridge, aquarium_subvault_wall,
          aquarium_subvault_bridge, aquarium_subvault_balcony],
          aquarium_window_corner, aquarium_window_2, aquarium_view_2c,
          aquarium_balcony_5b, uniq_edmund
D:6:      layout_loops_ring, gammafunk_temple_overflow_arena,
          nicolae_ru_sacrificial_ziggurat, lemuel_crystal_altar,
          mainiacjoe_overflow_surrounded_room, minmay_temple_entry_butterflies,
          nicolae_lava_and_water

Skill      XL: |  1  2  3  4  5  6  7  8 |
---------------+-------------------------+-----
Axes           | 2 3 |  3.8
Evocations     | 1 2 3 |  3.2
Throwing       | 1 2 3 |  3.2
Dodging        | 1 2 3 |  3.0
Fighting       | 4 5 |  5.2
Armour         | 4 5 |  5.2
Shields        | 4 5 |  5.3

Action                   |  1- 3 |  4- 6 |  7- 9 || total
-------------------------+-------+-------+-------++-------
Melee: War axe           |   100 |   195 |   140 ||   435
  Use: Scroll            |       |       |    13 ||    13
       Potion            |       |       |     4 ||     4
Armor: Scale mail        |    51 |    68 |       ||   119
       Storm dragon scal |       |    92 |    92 ||   184
Dodge: Dodged            |    66 |   118 |    42 ||   226
Block: Buckler           |    17 |    62 |    27 ||   106
